 Dungeon Crawl Stone Soup version 0.29-a0-997-gf6f7e2dfe7 (webtiles) character file.

Game seed: 3030310699554791267

93 siradein the Shooter (level 4, -2/36 HPs)
             Began as a Draconian Hunter on Aug 4, 2022.
             Slain by Grinder (6 damage)
             ... on level 3 of the Dungeon.
             The game lasted 00:02:37 (1814 turns).

siradein the Shooter (Draconian Hunter)             Turns: 1814, Time: 00:02:38

Health: -2/36      AC:  6    Str: 13    XL:     4   Next: 36%
Magic:  4/4        EV: 12    Int: 10    God:
Gold:   145        SH:  0    Dex: 16    Spells: 3/3 levels left

rFire   . . .      SeeInvis .   a - +0 shortbow
rCold   . . .      Faith    .   (shield currently unavailable)
rNeg    . . .      Spirit   .   (body armour unavailable)
rPois   .          Reflect  .   (helmet restricted)
rElec   .          Harm     .   (no cloak)
rCorr   .          Rampage  .   (no gloves)
Will    .....                   m - +0 pair of boots
Stlth   ++........              g - amulet of magic regeneration
HPRegen 0.12/turn               (no ring)
MPRegen 0.49/turn               (no ring)

@: no status effects
A: AC +5, unfitting armour, cold-blooded
a: no special abilities


You were on level 3 of the Dungeon.
You visited 1 branch of the dungeon, and saw 3 of its levels.

You collected 145 gold pieces.

Inventory:

Hand Weapons
 a - a +0 shortbow (weapon)
 n - a +2 dagger of venom
Missiles
 l - a throwing net
Armour
 m - a +0 pair of boots (worn)
Jewellery
 g - an amulet of magic regeneration (around neck)
Wands
 k - a wand of polymorph (14)
Scrolls
 b - a scroll of immolation
 d - 4 scrolls of identify {unknown}
 h - a scroll of vulnerability {unknown}
 i - a scroll of amnesia {unknown}
Potions
 c - 2 potions of curing {unknown}
 e - 3 potions of heal wounds {unknown}
 f - a potion of cancellation {unknown}
 j - a potion of ambrosia {unknown}


   Skills:
 - Level 2.1 Fighting
 + Level 5.3 Ranged Weapons
 - Level 1.7 Dodging
 - Level 0.8 Stealth


You had 3 spell levels left.
You didn't know any spells.
Your spell library contained the following spells:

 Spells                   Type           Power      Damage    Failure   Level
 Necrotise                Necr           0%         1d4       36%         1
 Vampiric Draining        Necr           0%         2d6       75%         3
 Agony                    Necr           0%         N/A       100%        5


Dungeon Overview and Level Annotations

Branches:
Dungeon (3/15)

Altars:
Makhleb
Vehumet

Annotations:
D:3 Grinder


Innate Abilities, Weirdness & Mutations

Your plain brown scales are hard. (AC +5)
You cannot fit into any form of body armour.
You are cold-blooded and may be slowed by cold attacks.


Message History

You shoot an arrow. The arrow hits Grinder!
Grinder is lightly wounded.
Grinder blinks!
You shoot an arrow. The arrow hits Grinder.
Grinder is moderately wounded.
You shoot an arrow. The arrow hits Grinder.
Grinder is moderately wounded.
You shoot an arrow. The arrow hits Grinder.
Grinder is heavily wounded.
Grinder hits you.
You writhe in agony.
You shoot an arrow. The arrow hits Grinder.
Grinder is heavily wounded.
Grinder gestures at you. You resist with significant effort.
You shoot an arrow. The arrow closely misses Grinder.
Grinder closely misses you. Grinder hits you but does no damage.
You shoot an arrow. The arrow hits Grinder.
Grinder is heavily wounded.
Grinder misses you.
You shoot an arrow. The arrow barely misses Grinder.
Grinder hits you.
You writhe in agony.
You shoot an arrow.
The arrow hits Grinder but does no damage.
Grinder is heavily wounded.
Grinder hits you.
You writhe in agony.
You are too injured to fight recklessly!
You are too injured to fight recklessly!
You are too injured to fight recklessly!
Fire: a) +0 shortbow
Press: ? - help, Q - select action, (/) - cycle Shift-Dir - straight line, f/p - Grinder
Aim: Grinder (heavily wounded, 60% to hit)
You shoot an arrow.
The arrow hits Grinder but does no damage.
Grinder is heavily wounded.
Grinder hits you!
* * * LOW HITPOINT WARNING * * *
You writhe in agony.
* * * LOW HITPOINT WARNING * * *
Grinder hits you.
You die...

### # ..# #[#
##.#### #.# #.#
.......#####.# #.#
#........##.# #.#
#.....@#.##.# #.#
.....#.5...#.####.#
##. #...#........#
#(# ##...<#......#
#.# #.#.##..###.#
#)# .........# #.#
#.# ###†#.##..###)#
#.# .............#
#.#
###...#####.######..


You could see Grinder.

Vanquished Creatures
  Jessica (D:2)
  An adder (D:3)
  A worm (D:2)
  A dart slug (D:2)
  6 ball pythons
  A bat (D:1)
  6 endoplasms
  A giant cockroach (D:2)
  2 goblins
  3 hobgoblins (D:1)
  8 jackals (D:2)
  4 kobolds
  4 quokkas
  3 frilled lizards
  6 rats
48 creatures vanquished.

Notes
Turn   | Place    | Note
-------+----------+-------------------------------------------
     0 | D:1      | siradein the Draconian Hunter began the quest for the Orb.
     0 | D:1      | Reached XP level 1. HP: 17/17 MP: 1/1
   221 | D:1      | Reached skill level 4 in Ranged Weapons
   241 | D:1      | Reached XP level 2. HP: 24/24 MP: 2/2
   789 | D:2      | Reached XP level 3. HP: 29/29 MP: 3/3
   917 | D:2      | Found a radiant altar of Vehumet.
  1328 | D:2      | Noticed Jessica
  1331 | D:2      | Killed Jessica
  1332 | D:2      | Reached skill level 5 in Ranged Weapons
  1332 | D:2      | Reached XP level 4. HP: 36/36 MP: 4/4
  1338 | D:2      | Found a faded altar of an unknown god.
  1701 | D:3      | Found a burning altar of Makhleb.
  1801 | D:3      | Noticed Grinder
  1801 | D:3      | Paralysed by Grinder for 4 turns
  1814 | D:3      | Slain by Grinder

Illustrated notes

Levels and vault maps discovered:
D:1:      sevenhm_arrival_forest_fort_large_4, layout_basic
D:2:      layout_loops_ring, nicolae_ecumenical_oubliette, basic_altar,
          uniq_jessica
D:3:      layout_loops_ring, mainiacjoe_overflow_brackets, uniq_sigmund,
          uniq_grinder

Skill      XL: |  1  2  3 |
---------------+----------+-----
Ranged Weapons | 4 5 |  5.3
Fighting       | |  2.1
Dodging        | |  1.7
Stealth        | |  0.8

Action                   |  1- 3 |  4- 6 || total
-------------------------+-------+-------++-------
 Fire: Shortbow          |   111 |    22 ||   133
Armor: Skin              |    13 |     3 ||    16
Dodge: Dodged            |    24 |     2 ||    26

Table legend: (Time is in decaauts)
 A = Elapsed time spent in this place.
 B = Non-inter-level travel time spent in this place.
 C = Inter-level travel time spent in this place.
 D = Time resting spent in this place.
 E = Time spent auto-exploring this place.
 F = Levels seen in this place.
 G = Mean time per level.
                   A        B        C        D        E       F      G
               +--------+--------+--------+--------+--------+-----+--------+
         Total |   1850 |   1738 |    112 |      0 |   1477 |   3 |  616.7 |
       Dungeon |   1850 |   1738 |    112 |      0 |   1477 |   3 |  616.7 |
               +--------+--------+--------+--------+--------+-----+--------+

Top non-repeatable levels by time:
     D:2: 783 daAuts
     D:1: 735 daAuts
     D:3: 331 daAuts
